 Dungeon Crawl Stone Soup version 0.24-a0-218-ga595e75 (webtiles) character file.

Game seed: 4642731542852475064

123320 Inarius the Severer (level 16, -20/141 HPs)
             Began as a Demonspawn Abyssal Knight on Mar 28, 2019.
             Was the Champion of Lugonu.
             Killed from afar by a thorn hunter (29 damage)
             ... with a volley of thorns
             ... on level 1 of the Swamp on Mar 30, 2019.
             The game lasted 01:54:04 (48885 turns).

Inarius the Severer (Demonspawn Abyssal Knight)    Turns: 48885, Time: 01:54:05

Health: -20/141    AC: 29    Str: 22    XL:     16   Next: 36%
Magic:  23/23      EV: 11    Int: 18    God:    Lugonu [******]
Gold:   2461       SH: 11    Dex: 19    Spells: 15/15 levels left

rFire    + + +     SeeInvis .   l - +1 broad axe
rCold    + . .     Gourm    .   e - +0 shield
rNeg     . . .     Faith    .   x - +2 chain mail {rF+}
rPois    +         Spirit   .   y - +2 helmet {Int+3}
rElec    +         Reflect  .   I - +2 cloak {MR+}
rCorr    +         Harm     .   j - +0 pair of gloves
MR       +++..                  (boots unavailable)
Stlth    ..........             t - amulet of rage
HPRegen  0.33/turn              F - ring of protection from magic
MPRegen  0.18/turn              D - +2 ring of evasion

@: mighty, agile, resistant, grasped by roots, sanguine armour, constricted,
invisible
A: hooves 3, fire resistance 1, powered by pain 3, robust 1, flame cloud
immunity, sanguine armour 2
a: Depart the Abyss, Bend Space, Banish, Corrupt, Enter the Abyss, Brand Weapon
With Distortion, Renounce Religion, Evoke Berserk Rage


You were on level 1 of the Swamp.
You worshipped Lugonu.
Lugonu was exalted by your worship.
You were not hungry.

You visited 4 branches of the dungeon, and saw 24 of its levels.
You visited the Abyss 1 time.
You also visited: Ice Cave.

You collected 2648 gold pieces.
You spent 187 gold pieces at shops.

Inventory:

Hand Weapons
 h - a +4 dagger of electrocution
 l - a +1 broad axe (weapon)
 n - the +0 dagger of Destruction {venom, rElec}
   (You found it on level 12 of the Dungeon)

   It poisons the flesh of those it strikes.
   It insulates you from electricity.
Missiles
 B - 3 javelins (quivered)
 M - 2 throwing nets
Armour
 b - +0 ice dragon scales
 e - a +0 shield (worn)
 j - a +0 pair of gloves (worn)
 w - a +0 plate armour
 x - a +2 chain mail of fire resistance (worn)
 y - a +2 helmet of intelligence (worn)
 I - a +2 cloak of magic resistance (worn)
Jewellery
 k - an uncursed ring of protection from cold
 t - an amulet of rage (around neck)
 D - a +2 ring of evasion (right hand)
 F - a ring of protection from magic (left hand)
 K - an uncursed ring of resist corrosion
 L - a +2 amulet of reflection
 N - an uncursed ring of see invisible
 P - an uncursed ring of protection from fire
 V - an uncursed ring of ice
 W - an uncursed ring of positive energy
Wands
 O - a wand of polymorph (3)
 S - a wand of paralysis (2)
 T - a wand of enslavement (1)
 U - a wand of acid (5)
 X - a wand of random effects (16)
Scrolls
 a - 4 scrolls of noise
 d - 4 scrolls of immolation
 f - 8 scrolls of magic mapping
 g - 19 scrolls of remove curse
 o - 9 scrolls of teleportation
 u - 3 scrolls of fog
 J - a scroll of silence
Potions
 i - 2 potions of brilliance {unknown}
 m - a potion of ambrosia
 q - 4 potions of flight
 r - 9 potions of curing
 s - 4 potions of heal wounds {unknown}
 v - 2 potions of mutation
 A - a potion of haste
 C - 3 potions of agility {unknown}
 E - a potion of experience {unknown}
 G - a potion of magic {unknown}
 H - a potion of might
 Q - 2 potions of lignification {unknown}
Miscellaneous
 p - a lightning rod (3/4)
Comestibles
 c - 36 rations


   Skills:
 + Level 12.8 Fighting
 * Level 19.1 Axes
 - Level 1.0 Throwing
 - Level 7.5 Armour
 - Level 1.0 Dodging
 - Level 6.3 Shields
 + Level 10.1 Invocations
 * Level 9.4 Evocations


You had 15 spell levels left.
You didn't know any spells.
Your spell library contained the following spells:

 Spells                   Type           Power        Failure   Level  Hunger
 Animate Skeleton         Necr           N/A          99%         1    ##.....
 Apportation              Tloc           #.....       99%         1    ##.....
 Beastly Appendage        Tmut           #.....       99%         1    ##.....
 Confusing Touch          Hex            #.....       99%         1    ##.....
 Corona                   Hex            #......      99%         1    ##.....
 Freeze                   Ice            #...         99%         1    ##.....
 Infusion                 Chrm           #...         99%         1    ##.....
 Magic Dart               Conj           #...         99%         1    ##.....
 Pain                     Necr           #...         99%         1    ##.....
 Sandblast                Erth           #.....       99%         1    ##.....
 Shock                    Conj/Air       #...         99%         1    ##.....
 Summon Butterflies       Summ           #.......     99%         1    ##.....
 Summon Small Mammal      Summ           #...         99%         1    ##.....
 Ensorcelled Hibernation  Hex/Ice        #.....       100%        2    ###....
 Shroud of Golubria       Chrm/Tloc      #.........   100%        2    ###....
 Song of Slaying          Chrm           #.......     100%        2    ###....
 Sticks to Snakes         Tmut           #.......     100%        2    ###....
 Swiftness                Chrm/Air       #.......     100%        2    ###....
 Throw Frost              Conj/Ice       #.....       100%        2    ###....
 Call Canine Familiar     Summ           #.......     100%        3    ####...
 Confuse                  Hex            #.......     100%        3    ####...
 Dazzling Spray           Conj/Hex       #.....       100%        3    ####...
 Ozocubu's Armour         Chrm/Ice       #.......     100%        3    ####...
 Recall                   Summ/Tloc      N/A          100%        3    ####...
 Regeneration             Chrm/Necr      #.........   100%        3    ####...
 Spectral Weapon          Hex/Chrm       #.......     100%        3    ####...
 Spider Form              Tmut/Pois      #.........   100%        3    ####...
 Static Discharge         Conj/Air       #.......     100%        3    ####...
 Tukima's Dance           Hex            #.......     100%        3    ####...
 Airstrike                Air            #.........   100%        4    #####..
 Animate Dead             Necr           N/A          100%        4    #####..
 Cause Fear               Hex            #.........   100%        4    #####..
 Ice Form                 Ice/Tmut       #.......     100%        4    #####..
 Summon Ice Beast         Ice/Summ       #.......     100%        4    #####..
 Throw Icicle             Conj/Ice       #.......     100%        4    #####..
 Blade Hands              Tmut           #.........   100%        5    ######.
 Borgnjor's Vile Clutch   Necr/Erth      #.........   100%        5    ######.
 Lightning Bolt           Conj/Air       #.........   100%        5    ######.
 Silence                  Hex/Air        #.........   100%        5    ######.
 Summon Mana Viper        Hex/Summ       #.......     100%        5    ######.
 Yara's Violent Unravell  Hex/Tmut       #.........   100%        5    ######.
 Death Channel            Necr           #.........   100%        6    #######
 Deflect Missiles         Chrm/Air       #.........   100%        6    #######
 Simulacrum               Ice/Necr       #.........   100%        6    #######
 Summon Hydra             Summ           #.........   100%        7    #######
 Discord                  Hex            #.........   100%        8    #######


Dungeon Overview and Level Annotations

Branches:
Dungeon (15/15)            Temple (0/1) D:7            Lair (6/6) D:9
  Swamp (1/4) Lair:3        Snake (0/4) Lair:4        Slime (0/5) Lair:6
    Orc (2/2) D:9             Elf (0/3) Orc:2        Vaults (0/5) D:14
 Depths (0/5) D:15

Altars:
Dithmenos
Elyvilon
Gozag
Hepliaklqana
Kikubaaqudgha
Makhleb
Nemelex Xobeh
Qazlal
Ru
Sif Muna
Uskayaw
Wu Jian
Xom
Yredelemnul
Zin
The Shining One
Beogh

Shops:
D:5 *   Orc:2 (}%(

Annotations:
Lair:1 exclusion: 2 oklob plants
Lair:6 exclusion: 4 oklob plants
Swamp:1 Aizul


Innate Abilities, Weirdness & Mutations

You have hooves in place of feet.
Your flesh is heat resistant. (rF+)
You are powered by pain.
You are robust. (+10% HP)
You are immune to clouds of flame.
When seriously injured, your bleeding wounds create thick armour. (AC +9)


Message History

Aizul coils herself and waves her upper body at you.
You resist with almost no effort.
Unknown command.
Unknown command.
You miss Aizul. You kick Aizul!
Aizul is almost dead.
You slice the shambling mangrove!!
Your surroundings seem slightly different.
* * * LOW HITPOINT WARNING * * *
The grasping roots constrict you!!
Unknown command.
Unknown command.
Unknown command.
Okay, then.
Unknown command.
Okay, then.
You fade into invisibility!
The thorn hunter fires a volley of thorns at you.
The volley of thorns hits you!!
You die...

♣..≈...§....≈≈≈≈.....≈
♣♣...........≈≈≈≈≈..♣♣.
♣....♣..≈≈≈...≈≈≈≈.♣♣♣≈
♣≈.≈≈..♣≈≈.....÷.♣♣ ♣.
≈♣♣♣♣.....♣...≈....≈♣♣
♣♣
≈≈≈........≈♣♣≈....♣♣
♣♣
≈≈≈..#...#..♣♣≈.}...≈♣
♣.
.≈..##...##..♣♣§....♣♣
♣. #.....@##..♣≈♣≈.♣♣
♣. #...#.fS#..≈.≈..♣ ♣♣
#..###.f'..≈...♣♣ ♣
#...#...#...♣.♣♣
#÷....§#...§♣♣♣
...#...##..≈.♣ ≈..####
..S♣♣ ... .≈... ..≈..≈


You could see Aizul, a thorn hunter and a shambling mangrove.

Vanquished Creatures
  Jorgrun (D:13)
  Nessos (D:13)
  Azrael (D:13)
  An ettin (Orc:1)
  Josephine (D:12)
  A yaktaur captain (D:15)
  A fire dragon (Lair:6)
  An ice dragon (Lair:6)
  A vault guard (D:14)
  Harold (Lair:2)
  7 hydras
  2 centaur warriors (D:15)
  23 two-headed ogres
  2 alligators
  6 ogre magi
  3 tengu warriors
  An orc high priest (Orc:1)
  Urug (Lair:4)
  A death yak (Lair:4)
  Nergalle (Lair:1)
  7 orc knights
  3 swamp dragons
  2 lindwurms (Lair:6)
  2 wizards (D:14)
  11 ugly things
  4 necromancers (D:14)
  An orc sorcerer (Orc:2)
  2 deep elf magi
  A cyclops (D:15)
  2 manticores
  10 elephants
  Maurice (D:13)
  2 ice statues (IceCv)
  5 centaur zombies
  A guardian serpent (shapeshifter) (D:14)
  3 black mambas
  A meliai (D:14)
  11 spiny frogs
  A gargoyle (D:15)
  5 torpor snails (Lair:6)
  12 komodo dragons
  2 yaktaurs (D:15)
  2 rime drakes
  A centaur skeleton (D:11)
  A kobold demonologist (D:15)
  An efreet (D:14)
  A freezing wraith (D:15)
  8 ice devils (IceCv)
  A tengu conjurer (D:15)
  9 trolls
  A merfolk (D:11)
  4 slime creatures (D:13)
  3 tyrant leeches (Lair:6)
  Prince Ribbit (D:6)
  3 bog bodies (Swamp:1)
  8 hornets
  26 blink frogs
  16 hippogriffs
  A meliai zombie (D:13)
  3 shadows
  A spriggan (Lair:3)
  A vampire (D:14)
  3 wyverns
  3 fire elementals (D:13)
  5 wraiths
  5 basilisks
  A steam dragon (Lair:6)
  A basilisk (shapeshifter) (D:15)
  37 yaks
  18 humans (D:14)
  10 vampire mosquitoes
  2 hungry ghosts
  2 swamp worms (Swamp:1)
  3 acid dragons
  A naga (Lair:4)
  Edmund (D:6)
  2 wargs
  6 water moccasins
  2 hell hounds (D:13)
  15 porcupines
  3 swamp drakes (Lair:6)
  36 orc warriors
  4 ice beasts
  3 sky beasts
  A sky beast (shapeshifter) (D:15)
  3 eyes of draining
  A black bear (Lair:2)
  6 phantoms
  An ogre (shapeshifter) (D:15)
  44 wolves
  15 centaurs
  34 ogres
  21 crocodiles
  19 bullfrogs
  8 scorpions
  2 water moccasin zombies
  6 killer bees (D:10)
  5 wights (D:15)
  2 electric eels (Lair:1)
  4 howler monkeys
  A bullfrog zombie (D:12)
  6 crimson imps
  2 quasits
  26 orc priests
  4 bullfrog skeletons
  10 hounds
  5 jellies
  8 iguanas
  32 orc wizards
  11 worker ants
  A hound zombie (D:7)
  2 worker ant zombies
  Robin (D:4)
  16 adders
  3 shadow imps
  8 white imps (IceCv)
  6 ufetubi (IceCv)
  2 oozes
  An adder zombie (D:8)
  An adder skeleton (D:9)
  2 worms (D:2)
  2 dart slugs (D:1)
  3 leopard geckos
  99 orcs
  11 giant cockroaches
  15 goblins
  13 hobgoblins
  12 jackals
  3 quokkas
  A ball python (D:7)
  A ball python zombie (D:5)
  3 bats
  6 frilled lizards
  A jackal skeleton (D:5)
  5 kobolds
  A leopard gecko skeleton (D:6)
  A quokka zombie (D:5)
  8 rats
  3 rat zombies (D:7)
  5 fungi
  5 plants (Lair:6)
919 creatures vanquished.

Vanquished Creatures (collateral kills)
  A meliai (D:14)
  2 acid dragons (D:14)
3 creatures vanquished.

Vanquished Creatures (others)
  A reaper (IceCv)
  2 hydras
  A meliai (D:14)
  A tyrant leech (Swamp:1)
  A bog body (Swamp:1)
  3 white imps (IceCv)
  2 ufetubi (IceCv)
  A quokka (D:13)
  10 fungi
  32 plants
54 creatures vanquished.

Grand Total: 976 creatures vanquished

Notes
Turn   | Place    | Note
-------+----------+-------------------------------------------
     0 | Abyss:1  | Inarius the Demonspawn Abyssal Knight began the quest for
                  | the Orb.
     0 | Abyss:1  | Reached XP level 1. HP: 18/18 MP: 2/2
    47 | Abyss:1  | Noticed a large abomination
    56 | D:1      | Escaped the Abyss
   378 | D:1      | Gained mutation: Your flesh is heat resistant. (rF+)
                  | [demonic ancestry]
   378 | D:1      | Reached XP level 2. HP: 15/24 MP: 3/3
   606 | D:1      | Reached skill level 1 in Dodging
   728 | D:1      | Reached skill level 2 in Axes
   736 | D:1      | Reached ** piety under Lugonu
  1186 | D:1      | Gained mutation: You sometimes gain a little power by
                  | taking damage. [demonic ancestry]
  1186 | D:1      | Reached XP level 3. HP: 26/29 MP: 5/5
  2052 | D:2      | Noticed a centaur
  2057 | D:2      | Killed a centaur
  2057 | D:2      | Gained mutation: You have large cloven feet. [demonic
                  | ancestry]
  2057 | D:2      | Reached XP level 4. HP: 27/37 MP: 6/6
  2202 | D:2      | Reached skill level 3 in Axes
  2202 | D:2      | Gained mutation: You are immune to clouds of flame.
                  | [demonic ancestry]
  2202 | D:2      | Reached XP level 5. HP: 41/42 MP: 7/7
  2286 | D:2      | Found a glowing golden altar of the Shining One.
  3066 | D:3      | Found a shadowy altar of Dithmenos.
  3140 | D:3      | Found a basalt altar of Yredelemnul.
  3194 | D:3      | Reached *** piety under Lugonu
  3194 | D:3      | Reached skill level 1 in Shields
  3390 | D:3      | Found a sparkling altar of Nemelex Xobeh.
  3865 | D:4      | Gained mutation: You sometimes gain power by taking damage.
                  | [demonic ancestry]
  3865 | D:4      | Reached XP level 6. HP: 43/48 MP: 8/8
  4062 | D:4      | Reached skill level 4 in Axes
  4512 | D:4      | Reached skill level 5 in Axes
  4680 | D:4      | Noticed Robin
  4703 | D:4      | Killed Robin
  4703 | D:4      | Gained mutation: You have hoof-like feet. [demonic
                  | ancestry]
  4703 | D:4      | Reached XP level 7. HP: 43/53 MP: 9/9
  4845 | D:5      | Entered Level 5 of the Dungeon
  4904 | D:5      | Found an opulent altar of Gozag.
  4909 | D:5      | Found Gozag's Platinum Reserve.
  4944 | D:5      | Reached **** piety under Lugonu
  4961 | D:5      | Reached skill level 6 in Axes
  5491 | D:5      | Reached skill level 7 in Axes
  5636 | D:5      | Identified Sif Muna's First Steps in Spellcraft
  5672 | D:5      | Gained mutation: When seriously injured, your bleeding
                  | wounds create armour. (AC +9) [demonic ancestry]
  5672 | D:5      | Reached XP level 8. HP: 38/60 MP: 10/10
  6138 | D:6      | Noticed Prince Ribbit
  6391 | D:6      | Reached skill level 8 in Axes
  6459 | D:6      | Found a stormy altar of Qazlal.
  6587 | D:6      | Found a hazy altar of Hepliaklqana.
  6913 | D:6      | Reached skill level 5 in Invocations
  7075 | D:6      | Gained mutation: You are powered by pain. [demonic
                  | ancestry]
  7075 | D:6      | Reached XP level 9. HP: 44/66 MP: 12/12
  7287 | D:6      | Noticed Edmund
  7322 | D:6      | Killed Edmund
  7400 | D:6      | Found an ornate altar of the Wu Jian Council.
  7445 | D:6      | Killed Prince Ribbit
  7445 | D:6      | Reached skill level 9 in Axes
  7500 | D:7      | Found a staircase to the Ecumenical Temple.
  7719 | D:6      | Reached ***** piety under Lugonu
  7966 | D:7      | Reached skill level 5 in Fighting
  8007 | D:7      | Reached skill level 1 in Evocations
  8390 | D:7      | Found a sacrificial altar of Ru.
  8394 | D:7      | Reached skill level 10 in Axes
  8802 | D:7      | Found a deep blue altar of Sif Muna.
  8935 | D:7      | Identified Sif Muna's Handbook of Darkness
  8977 | D:7      | Gained mutation: You have hooves in place of feet. [demonic
                  | ancestry]
  8977 | D:7      | Reached XP level 10. HP: 74/74 MP: 14/14
  9041 | D:7      | Found an ancient bone altar of Kikubaaqudgha.
  9334 | D:8      | Reached skill level 1 in Throwing
  9376 | D:8      | Found a hide-covered altar of Uskayaw.
  9376 | D:8      | Noticed a +0 dagger
  9377 | D:8      | Noticed a +0 dagger
 10292 | D:9      | Found a staircase to the Orcish Mines.
 11093 | D:9      | Reached skill level 11 in Axes
 11181 | D:9      | Reached skill level 5 in Armour
 11588 | D:9      | Found a staircase to the Lair.
 11846 | D:9      | Found a burning altar of Makhleb.
 11874 | D:9      | Noticed a two-headed ogre
 11884 | D:9      | Killed a two-headed ogre
 11884 | D:9      | Gained mutation: When seriously injured, your bleeding
                  | wounds create thick armour. (AC +9) [demonic ancestry]
 11884 | D:9      | Reached XP level 11. HP: 47/81 MP: 16/16
 12273 | D:10     | Entered Level 10 of the Dungeon
 13890 | D:11     | Noticed a tengu warrior
 13895 | D:11     | Killed a tengu warrior
 13901 | D:11     | Found a frozen archway.
 13909 | IceCv    | Entered an ice cave
 13949 | IceCv    | Reached ****** piety under Lugonu
 14344 | IceCv    | Killed a reaper
 15114 | IceCv    | Reached skill level 12 in Axes
 15114 | IceCv    | Reached skill level 5 in Shields
 16424 | D:11     | Upgraded the game from 0.24-a0-205-g1d96822 to
                  | 0.24-a0-217-g1152973
 16607 | D:11     | Noticed a cyan ugly thing
 16622 | D:11     | Killed a cyan ugly thing
 17623 | D:11     | Reached skill level 5 in Evocations
 17939 | D:12     | Reached XP level 12. HP: 78/89 MP: 18/18
 18371 | Lair:1   | Entered Level 1 of the Lair of Beasts
 18840 | D:9      | Reached skill level 13 in Axes
 19874 | Lair:1   | Identified the +4 scale mail of the Harvest Moon {rElec rC+
                  | Int+2 Slay-6} (You found it on level 1 of the Lair of
                  | Beasts)
 20601 | Lair:1   | Noticed Nergalle
 20619 | Lair:1   | Killed Nergalle
 21011 | Lair:2   | Noticed a four-headed hydra
 21014 | Lair:2   | Killed a four-headed hydra
 21793 | Lair:2   | Noticed Harold
 22444 | Lair:2   | Killed Harold
 22744 | Lair:2   | Noticed a seven-headed hydra
 23032 | Lair:3   | Reached skill level 14 in Axes
 23032 | Lair:3   | Gained mutation: You are robust. (+10% HP) [demonic
                  | ancestry]
 23032 | Lair:3   | Reached XP level 13. HP: 20/107 MP: 20/20
 23060 | Lair:3   | Found a staircase to the Swamp.
 23546 | Lair:3   | Paralysed by a hornet for 2 turns
 25586 | Lair:4   | Found a staircase to the Snake Pit.
 26383 | Lair:4   | Reached skill level 15 in Axes
 27025 | Lair:4   | Noticed Urug
 27056 | Lair:4   | Killed Urug
 28766 | Lair:6   | Entered Level 6 of the Lair of Beasts
 29798 | Lair:5   | Reached XP level 14. HP: 106/118 MP: 21/21
 31489 | Lair:6   | Reached skill level 10 in Invocations
 31551 | Lair:6   | Found a staircase to the Slime Pits.
 31728 | Lair:6   | Found a runed translucent door.
 31878 | Lair:6   | Reached skill level 16 in Axes
 31890 | Lair:6   | Paralysed by a hornet for 2 turns
 32793 | Lair:6   | Paralysed by a hornet for 3 turns
 33189 | Lair:6   | Paralysed by a hornet for 3 turns
 33850 | Lair:6   | Reached skill level 10 in Fighting
 34946 | Orc:1    | Entered Level 1 of the Orcish Mines
 35445 | Orc:1    | Found a roughly hewn altar of Beogh.
 36730 | Orc:2    | Entered Level 2 of the Orcish Mines
 38184 | Orc:1    | Reached skill level 17 in Axes
 38493 | Orc:1    | Reached XP level 15. HP: 30/129 MP: 22/22
 39123 | Orc:2    | Found Wostenydd's Weapon Shoppe.
 39123 | Orc:2    | Found Atep's Gadget Boutique.
 39124 | Orc:2    | Found Xecuag's Food Boutique.
 39124 | Orc:2    | Found Lojemoant's Antique Weapon Emporium.
 39227 | Orc:2    | Found a staircase to the Elven Halls.
 40781 | Orc:2    | Bought a wand of iceblast (7) for 187 gold pieces
 40931 | D:12     | Noticed Josephine
 40943 | D:12     | Killed Josephine
 41446 | D:12     | Found a shadowy altar of Dithmenos.
 41448 | D:12     | Found a shimmering altar of Xom.
 41448 | D:12     | Found a shadowy altar of Dithmenos.
 41456 | D:12     | Found a glowing silver altar of Zin.
 41456 | D:12     | Found a shadowy altar of Dithmenos.
 41456 | D:12     | Found a deep blue altar of Sif Muna.
 41682 | D:12     | Got a bloodstained dagger
 41683 | D:12     | Identified the cursed +0 dagger of Destruction {venom,
                  | rElec} (You found it on level 12 of the Dungeon)
 41788 | D:13     | Found a white marble altar of Elyvilon.
 41789 | D:13     | Noticed Jorgrun
 41828 | D:13     | Noticed Azrael
 41852 | D:13     | Reached skill level 18 in Axes
 41867 | D:13     | Killed Azrael
 42582 | D:13     | Killed Jorgrun
 43054 | D:13     | Noticed Maurice
 43079 | D:13     | Killed Maurice
 43193 | D:13     | Noticed Nessos
 43204 | D:13     | Killed Nessos
 44821 | D:14     | Found a gate to the Vaults.
 44869 | D:15     | Entered Level 15 of the Dungeon
 44970 | D:15     | Found a staircase to the Depths.
 45249 | D:15     | Reached XP level 16. HP: 109/139 MP: 23/23
 46664 | D:15     | Upgraded the game from 0.24-a0-217-g1152973 to
                  | 0.24-a0-218-ga595e75
 46819 | D:15     | Reached skill level 19 in Axes
 47589 | Swamp:1  | Entered Level 1 of the Swamp
 48860 | Swamp:1  | Noticed Aizul
 48882 | Swamp:1  | Noticed a thorn hunter
 48885 | Swamp:1  | Killed from afar by a thorn hunter

Levels and vault maps discovered:
D:1:      roderic_dead_forest, layout_basic
D:2:      layout_basic, overflow_temple_1_default, nrook_campfire
D:3:      layout_basic, old_standard_altar, nicolae_overflow_crystal_walls,
          lemuel_doored_altar
D:4:      layout_loops_ring, first_ration, minmay_misc_feat_nine_boxes,
          uniq_robin
D:5:      layout_loops_ring, nicolae_gozag_zags_fifth_avenue,
          minmay_misc_feat_pillars
D:6:      layout_gridville, old_standard_altar, minitemple,
          kennysheep_generic_room_5, uniq_prince_ribbit1, uniq_edmund
D:7:      layout_loops_ring, led_sif_book, lemuel_zombie_altar_kikubaaqudgha,
          minmay_temple_entry_stoned_glass, nicolae_ru_great_annihilating_truth
D:8:      layout_rooms, dancing_weapons_uskayaw
D:9:      layout_irregular_city, old_standard_altar, erik_lair_island,
          david_orc_3
D:10:     layout_gridville
D:11:     layout_roguey, portal_ice_cave_entry_pillars_2, serial_rivers,
          chequers_serial_rivers_room_a, chequers_serial_rivers_marsh,
          chequers_serial_rivers_micro_e, chequers_serial_rivers_marsh,
          chequers_serial_rivers_micro_e, chequers_serial_rivers_micro_d,
          hangedman_fish_farm
D:12:     layout_basic, roderic_cross_of_infinity, doesnt_xom_only_xom,
          uniq_josephine
D:13:     layout_layer_cave, elyvilon_altar_4, uniq_maurice, uniq_azrael,
          uniq_nessos, uniq_jorgrun
D:14:     layout_big_octagon, grunt_vaults_entry_tiered
D:15:     grunt_enter_depths_snipers, layout_loops_ring, serial_park_tiny_pond,
          grunt_ministairs_11
Lair:1:   layout_loops_ring, grunt_megastairs_1, minmay_lair_oklob_chamber,
          infiniplex_staircase_pool, uniq_nergalle
Lair:2:   layout_cave_shapes, minmay_holes, uniq_harold
Lair:3:   layout_small_grid, minmay_swamp_entry_swarm,
          grunt_forest_large_clearings
Lair:4:   layout_loops_ring, guppyfry_snake_entry_island,
          minmay_shattered_shrine, uniq_urug
Lair:5:   layout_cave_pods, grunt_forest_small_clearings, grunt_megastairs_5
Lair:6:   wormcave, layout_cave_shapes, guppyfry_lair_end_dragon,
          minmay_slime_entry_oklob_open, minmay_lair_oklob_bushes
Swamp:1:  layout_basic_swamp, evilmike_swamp_ruin_house_3, uniq_aizul
Orc:1:    layout_diamond_mine, special_room [special_room_orc]
Orc:2:    st_orc_ogre_mass, layout_caves
Abyss:1
IceCv:    ice_cave_small_demon

Skill      XL: |  1  2  3  4  5  6  7  8  9 10 11 12 13 14 15 16 |
---------------+-------------------------------------------------+-----
Dodging        | 1 |  1.0
Armour         | 2 3 4 5 6 7 |  7.5
Axes           | 2 3 5 7 8 10 11 12 14 15 17 18 19 | 19.1
Invocations    | 3 5 6 7 9 10 | 10.1
Shields        | 1 2 3 4 5 6 |  6.3
Fighting       | 4 5 6 7 9 11 12 | 12.8
Evocations     | 2 3 5 6 8 9 |  9.4
Throwing       | 1 |  1.0

Action                   |  1- 3 |  4- 6 |  7- 9 | 10-12 | 13-15 | 16-18 || total
-------------------------+-------+-------+-------+-------+-------+-------++-------
Melee: Hand axe          |    55 |       |       |       |       |       ||    55
       Dagger            |    35 |   144 |   129 |       |    13 |    10 ||   331
       Kick              |       |    21 |   111 |   365 |   706 |   122 ||  1325
       War axe           |       |       |   280 |  1225 |  1205 |       ||  2710
       Broad axe         |       |       |       |       |   846 |   311 ||  1157
Throw: Javelin           |       |       |    14 |    15 |    66 |       ||    95
       Throwing net      |       |       |       |       |     8 |       ||     8
Invok: Bend Space        |       |       |       |     1 |       |       ||     1
       Banish            |       |       |       |       |     6 |       ||     6
Evoke: Wand              |       |       |    21 |    55 |    56 |     6 ||   138
       Lightning rod     |       |       |       |     1 |    19 |     4 ||    24
       Box of beasts     |       |       |       |       |     1 |       ||     1
  Use: Scroll            |       |     1 |    14 |     7 |    17 |     1 ||    40
       Potion            |       |       |     1 |     5 |     9 |     6 ||    21
 Stab: Sleeping          |     2 |       |       |       |       |       ||     2
       Paralysed         |       |       |     7 |       |    21 |     4 ||    32
       Invisible         |       |       |     1 |       |     4 |       ||     5
       Held in net/web   |       |       |       |       |     4 |       ||     4
       Distracted        |       |       |       |       |       |     1 ||     1
  Eat: Chunk             |     2 |     9 |    15 |    31 |    72 |    10 ||   139
       Ration            |       |       |       |     4 |     2 |     1 ||     7
Armor: Leather armour    |    21 |    30 |       |       |       |       ||    51
       Ring mail         |       |    21 |    16 |       |       |       ||    37
       Chain mail        |       |       |   166 |       |   263 |   143 ||   572
       Plate armour      |       |       |    26 |   823 |   680 |       ||  1529
Dodge: Dodged            |    47 |    53 |    87 |   250 |   376 |    57 ||   870
Block: Shield            |    26 |    60 |   173 |   593 |   886 |   129 ||  1867
       Buckler           |       |       |       |     6 |       |       ||     6

Table legend:
 A = Non-vault XP
 B = Vault XP
 C = Vault XP percentage of total XP
 D = Non-vault monster count
 E = Vault monster count
 F = Vault count percentage of total count
                 A         B        C        D         E       F
            +---------+---------+-------+---------+---------+-------
      Total |  100606 |   75566 |  42.9 |     652 |     262 |  28.7
            +---------+---------+-------+---------+---------+-------
        D:1 |      58 |       0 |   0.0 |      29 |       0 |   0.0
        D:2 |     205 |       0 |   0.0 |      20 |       0 |   0.0
        D:3 |      86 |       0 |   0.0 |      24 |       0 |   0.0
        D:4 |     363 |      34 |   8.6 |      11 |      11 |  50.0
        D:5 |     835 |       0 |   0.0 |      27 |       0 |   0.0
        D:6 |    1727 |     447 |  20.6 |      34 |       3 |   8.1
        D:7 |    2438 |     169 |   6.5 |      33 |      10 |  23.3
        D:8 |    1182 |     564 |  32.3 |      28 |       4 |  12.5
        D:9 |    4627 |    1623 |  26.0 |      30 |      12 |  28.6
       D:10 |    1507 |       0 |   0.0 |      24 |       0 |   0.0
       D:11 |    4806 |     289 |   5.7 |      37 |       1 |   2.6
       D:12 |    3835 |    1901 |  33.1 |      36 |       5 |  12.2
       D:13 |    5943 |    7078 |  54.4 |      20 |       9 |  31.0
       D:14 |    4839 |    8207 |  62.9 |      20 |      25 |  55.6
       D:15 |   17109 |    3718 |  17.9 |      48 |       5 |   9.4
     Lair:1 |    4308 |    2342 |  35.2 |      23 |       7 |  23.3
     Lair:2 |    4544 |     965 |  17.5 |      19 |       1 |   5.0
     Lair:3 |    7808 |    4891 |  38.5 |      28 |      37 |  56.9
     Lair:4 |    5126 |    6424 |  55.6 |      22 |      12 |  35.3
     Lair:5 |    5593 |     232 |   4.0 |      29 |       2 |   6.5
     Lair:6 |    7920 |   11763 |  59.8 |      23 |      35 |  60.3
    Swamp:1 |    5124 |       0 |   0.0 |      15 |       0 |   0.0
      Orc:1 |    3398 |   11961 |  77.9 |      26 |      35 |  57.4
      Orc:2 |    7225 |    9206 |  56.0 |      46 |      24 |  34.3
      IceCv |       0 |    3752 | 100.0 |       0 |      24 | 100.0
            +---------+---------+-------+---------+---------+-------
